Map: Buried Caverns

Players

OpuS

  • Race: Protoss Protoss
  • League: Diamond
  • Spawn Location: 9:00

AznTrix

  • Race: Terran Terran
  • Spawn Location: 7:00

Sketchaphone

  • Race: Zerg Zerg
  • League: Gold
  • Spawn Location: 9:00

Shepard - Winner!

  • Race: Protoss Protoss
  • Spawn Location: 5:00

NeedlesKane - Winner!

  • Race: Zerg Zerg
  • Spawn Location: 3:00

Kepting - Winner!

  • Race: Terran Terran
  • Spawn Location: 3:00

VOD

Have the link to the VOD?

Description

Time

  • Played on: Jan. 14, 2019, 8:35 p.m.
  • Length: 13:45
Show
View Real Time Build Order
Export as new Build Order

OpuS Protoss 

Build Orders: Zealot Archon 

Get SALT Encoding   

  12  0:01  Probe  
  13  0:13  Probe  
  14  0:22  Pylon  
  14  0:25  Probe  
  15  0:40  Probe  
  16  0:46  Gateway  
  16  0:50  Probe  
  17  0:58  Probe  
  17  1:01  Assimilator  
  18  1:07  Probe  
  19  1:12  Gateway  
  19  1:18  Probe  
  19  1:23  Pylon  
  20  1:26  Probe  
  21  1:36  Zealot  
  21  1:37  Probe  
  23  1:40  Assimilator  
  23  1:59  Cybernetics Core  
  23  2:01  Zealot  
  25  2:06  Probe  
  26  2:15  Pylon  
  26  2:35  Sentry  
  26  2:36  Sentry  
  30  2:50  Nexus  
  30  2:51  Warp Gate  
  30  2:58  Probe  
  30  3:01  Gateway  
  33  3:05  Sentry  
  33  3:08  Probe  
  34  3:22  Gateway  
  34  3:23  Probe  
  35  3:29  Shield Battery  
  35  3:32  Pylon  
  35  3:34  Pylon  
  35  3:59  Robotics Facility  
  35  4:01  Twilight Council  
  35  4:02  Stalker  
  35  4:06  Probe x2  
  39  4:18  Stalker  
  41  4:30  Sentry x2  
  45  4:34  Probe x2  
  47  4:46  Probe x2  
  47  4:47  Charge  
  47  4:48  Observer  
  50  4:58  Probe x2  
  52  5:04  Assimilator  
  52  5:09  Assimilator  
  52  5:10  Probe x2  
  54  5:16  Pylon  
  54  5:29  Zealot x3  
  54  5:30  Zealot  
  58  5:54  Robotics Bay  
  58  5:57  Zealot x4  
  60  6:04  Probe x2  
  64  6:16  Probe x2  
  60  6:28  Probe x2  
  60  6:34  Nexus  
  60  6:35  Pylon  
  54  6:40  Probe x2  
  54  6:45  Zealot x3  
  54  6:46  Zealot  
  56  6:52  Probe  
  57  6:57  Templar Archives  
  57  6:58  Probe  
  58  7:06  Zealot  
  58  7:07  Zealot x3  
  66  7:12  Observer  
  67  7:30  Gateway x2  
  67  7:32  Gateway  
  67  7:34  Gateway  
  67  7:37  High Templar x2  
  67  7:38  High Templar x2  
  68  7:47  Archon x2  
  63  7:52  Probe x3  
  66  8:04  Probe  
  67  8:15  Forge  
  67  8:16  Probe x3  
  67  8:24  High Templar  
  67  8:25  High Templar x3  
  73  8:30  Archon x2  
  72  8:44  Zealot x4  
  72  8:46  Probe x3  
  83  8:50  Photon Cannon  
  83  8:53  Photon Cannon  
  83  8:58  Probe x2  
  83  8:59  Photon Cannon  
  85  9:11  High Templar  
  85  9:12  High Templar  
  85  9:13  High Templar  
  85  9:14  High Templar  
  93  9:17  Archon  
  93  9:18  Archon  
  93  9:20  Pylon  
  93  9:25  Pylon  
  93  9:38  Pylon  
  93  9:39  Pylon, Zealot x3  
  93  9:40  Zealot  
  101  9:49  Protoss Ground Weapons Level 1  
  101  9:53  Probe  
  101  9:54  Probe x2  
  101  9:55  Forge  
  101  9:58  Photon Cannon  
  102  10:06  Probe  
  82  10:28  High Templar x2  
  56  10:30  High Templar x2, Zealot x2  
  56  10:31  Zealot x2, Protoss Ground Armor Level 1  
  56  10:33  Probe x3  
  67  10:36  Assimilator  
  67  10:40  Assimilator  
  67  10:45  Probe x3  
  67  10:46  Archon x2  
  70  10:57  Zealot, Probe x3  
  70  10:58  Zealot x3  
  79  11:22  High Templar  
  79  11:23  High Templar  
  79  11:24  Zealot x6  
  95  11:28  Probe x3  
  101  11:40  Probe x3  
  101  11:48  Robotics Facility  
  101  11:51  Zealot x5  
  101  11:52  Zealot  
  113  11:54  Archon  
  113  11:55  Probe x3  
  116  12:02  Photon Cannon  
  116  12:07  Probe x2  
  118  12:11  Observer  
  119  12:17  High Templar  
  119  12:18  High Templar  
  119  12:19  High Templar  
Show
View Real Time Build Order
Export as new Build Order

AznTrix Terran 

Build Orders:  

Get SALT Encoding   

  12  0:01  SCV  
  13  0:18  Supply Depot  
  13  0:19  SCV  
  14  0:31  SCV  
  15  0:42  Barracks  
  15  0:43  SCV  
  16  0:55  SCV  
  17  0:57  Supply Depot  
  17  1:03  Refinery  
  17  1:07  SCV  
  18  1:16  Refinery  
  18  1:19  SCV  
  19  1:32  Orbital Command  
  19  1:39  Marine  
  20  1:53  Bunker  
  20  1:56  Marine  
  22  2:01  SCV  
  22  2:13  SCV  
  23  2:21  Command Center  
  23  2:27  SCV  
  24  2:36  Barracks Reactor  
  24  2:38  Barracks  
  24  2:41  SCV  
  25  2:46  Engineering Bay  
  25  2:53  SCV  
  26  2:59  Barracks  
  26  3:12  Marine x2  
  28  3:15  SCV  
  29  3:28  SCV  
  29  3:29  Barracks Reactor  
  29  3:30  Marine, Supply Depot  
  31  3:35  Missile Turret  
  31  3:38  Missile Turret  
  31  3:41  Missile Turret  
  31  3:47  Orbital Command  
  31  3:51  Marine  
  32  4:03  Barracks Tech Lab  
  32  4:04  Factory, SCV  
  32  4:09  Terran Infantry Weapons Level 1  
  33  4:12  Marine  
  33  4:16  SCV x2  
  36  4:22  Missile Turret  
  36  4:28  Marine x2, SCV  
  39  4:32  Marine x2  
  39  4:35  Combat Shield  
  41  4:42  SCV x2  
  43  4:51  Engineering Bay  
  43  4:53  Refinery  
  43  4:54  Refinery, SCV x2  
  45  5:09  Marine x3  
  38  5:22  Marine x2  
  38  5:25  SCV  
  38  5:26  SCV  
  38  5:27  Marine  
  31  5:43  SCV x2  
  33  5:52  Terran Infantry Armor Level 1  
  33  5:53  Marine x2  
  33  5:55  SCV x2  
  37  6:01  Stimpack  
  36  6:07  SCV x2  
  38  6:13  Marine x4  
  42  6:19  SCV  
  42  6:24  Marine  
  44  6:30  Marine  
  42  6:46  Marine x4  
  43  6:48  Marine  
  32  7:04  Marine x4  
  32  7:06  Missile Turret  
  36  7:11  Starport  
  36  7:12  SCV x2  
  38  7:16  Widow Mine  
  38  7:20  Hi-Sec Auto Tracking  
  40  7:24  Marine x2, SCV x2  
  40  7:25  Marine x2  
  46  7:42  Marine  
  46  7:43  Marine x4  
  51  7:54  Starport Reactor  
  51  7:56  Starport  
  51  8:00  Marine x2  
  51  8:01  Marine  
  54  8:10  Barracks  
  54  8:14  Barracks  
  54  8:26  Supply Depot  
  54  8:27  Supply Depot  
  54  8:43  Starport Reactor  
  54  8:47  Marine x5, Viking, Command Center  
  61  8:54  Viking  
  63  9:03  Missile Turret  
  63  9:04  SCV x2  
  63  9:05  Marine x5  
  70  9:21  Supply Depot  
  70  9:30  Missile Turret  
  70  9:42  Marine x5, SCV, Viking  
  78  9:58  Marine x2  
  78  9:59  Supply Depot, SCV x2  
  82  10:00  Marine x2  
  84  10:11  SCV x2  
  77  10:43  Marine x5  
  67  10:52  Marine x2  
  56  11:00  Marine  
  56  11:01  Marine x3  
  49  11:04  Marine  
  49  11:10  Marine x2  
  31  11:18  Marine x2  
  31  11:19  Marine x2  
  31  11:22  Marine  
  31  11:23  Medivac x3  
  42  11:27  Marine  
  42  11:28  Marine  
  42  11:32  Orbital Command  
  44  11:39  Supply Depot  
  44  11:40  Supply Depot  
  44  11:44  Armory  
  44  11:53  Medivac x2, Widow Mine  
  52  11:55  Marine x4  
  56  12:06  Barracks Reactor  
  56  12:13  Barracks Reactor  
  56  12:14  Widow Mine, Starport Reactor  
  56  12:19  SCV x3  
  59  12:23  Medivac  
  59  12:26  Medivac  
  63  12:31  SCV  
Show
View Real Time Build Order
Export as new Build Order

Sketchaphone Zerg 

Build Orders: Pool First 

Get SALT Encoding   

  12  0:02  Drone  
  13  0:10  Drone  
  14  0:15  Extractor  
  14  0:16  Drone  
  15  0:35  Overlord  
  15  0:39  Spawning Pool  
  14  0:47  Drone, Extractor  
  15  0:56  Drone, Extractor  
  15  0:57  Drone  
  16  1:05  Drone  
  17  1:23  Hatchery  
  16  1:30  Drone  
  16  1:31  Zergling x2  
  18  1:50  Queen  
  18  1:52  Overlord  
  20  1:57  Metabolic Boost  
  20  2:04  Drone  
  20  2:06  Drone  
  22  2:10  Zergling x2  
  23  2:18  Zergling x2  
  24  2:33  Overlord  
  24  2:35  Zergling x2  
  25  2:39  Zergling x2  
  25  2:40  Queen  
  28  2:51  Baneling Nest  
  28  2:55  Zergling x4  
  29  3:04  Overlord  
  29  3:09  Drone  
  29  3:10  Drone  
  31  3:13  Drone  
  31  3:14  Evolution Chamber  
  31  3:20  Zergling x4  
  32  3:41  Drone x2  
  32  3:44  Zergling x2  
  32  3:46  Zerg Melee Weapons Level 1  
  35  3:49  Zergling x2  
  35  3:50  Zergling x6  
  35  3:53  Drone  
  40  4:08  Baneling x3  
  40  4:09  Zergling x4  
  42  4:15  Zergling x2  
  42  4:16  Overlord  
  43  4:28  Zergling x2  
  44  4:31  Overlord x2  
  44  4:37  Zergling x2  
  44  4:38  Drone x2  
  46  4:39  Drone  
  46  4:40  Drone  
  46  4:41  Drone  
  46  4:44  Drone  
  51  4:49  Overlord  
  51  5:14  Spore Crawler  
  51  5:19  Overlord  
  50  5:36  Zergling x2  
  50  5:37  Zergling x2  
  50  5:44  Zergling x2  
  50  5:48  Spore Crawler, Drone x2  
  50  5:49  Roach Warren, Drone  
  45  5:50  Zergling x14  
  48  6:02  Zergling x4  
  46  6:06  Drone  
  47  6:14  Lair  
  46  6:25  Pneumatized Carapace  
  46  6:26  Overlord x2  
  46  6:27  Drone x4  
  46  6:28  Hatchery  
  46  6:32  Baneling x4  
  48  6:45  Zergling x12  
  45  7:03  Extractor  
  45  7:04  Drone x2  
  45  7:05  Overlord x2, Drone x2  
  45  7:06  Drone  
  49  7:15  Overlord  
  49  7:24  Zerg Ground Armor Level 1  
  49  7:30  Hydralisk Den  
  49  7:36  Evolution Chamber, Glial Reconstitution  
  47  7:40  Overlord  
  47  7:42  Drone  
  47  7:43  Overlord, Drone x3, Extractor  
  50  7:44  Drone  
  50  7:45  Drone x2  
  50  7:46  Drone  
  50  7:47  Extractor  
  53  7:53  Overlord  
  53  7:55  Drone x2  
  55  8:08  Roach x2  
  55  8:09  Roach x2, Hydralisk  
  65  8:14  Hydralisk  
  67  8:23  Drone x2  
  67  8:26  Drone x3  
  67  8:27  Drone, Extractor  
  73  8:28  Drone  
  73  8:39  Queen  
  75  8:49  Hydralisk x3  
  75  8:51  Grooved Spines  
  79  9:01  Spore Crawler  
  74  9:11  Overlord  
  74  9:12  Overlord x2  
  74  9:26  Overlord x2  
  74  9:29  Queen  
  76  9:31  Queen  
  78  9:57  Drone x2  
  78  9:58  Drone  
  63  10:36  Zerg Ground Armor Level 2  
  63  10:39  Zerg Missile Weapons Level 1, Hydralisk x3  
  63  10:42  Muscular Augments  
  67  10:55  Drone x3, Hydralisk x2  
  67  10:56  Overlord, Hydralisk x2  
  67  10:57  Overlord, Hydralisk  
  80  11:04  Spire  
  80  11:10  Hydralisk x5  
  89  11:18  Hatchery  
  89  11:19  Ravager  
  89  11:37  Overlord x2  
  89  11:38  Overlord x2  
  89  11:42  Drone x2  
  89  11:43  Overlord  
  91  11:52  Extractor  
  91  11:53  Overlord  
  91  11:54  Hydralisk x4  
  90  11:59  Overseer  
  98  12:13  Drone  
  85  12:38  Corruptor x6  
  85  12:44  Corruptor  
  72  12:57  Corruptor x2  
Show
View Real Time Build Order
Export as new Build Order

Shepard Protoss - Winner!

Build Orders: 1 Gate Expand, Forge Fast Expand (FFE), Phoenix Opening, Carriers, Mass Phoenix 

Get SALT Encoding   

  1  0:00  Probe  
  13  0:07  Probe  
  14  0:18  Probe  
  15  0:30  Pylon  
  15  0:48  Probe  
  16  0:51  Gateway  
  16  0:52  Forge  
  16  0:57  Probe  
  17  1:06  Probe  
  18  1:15  Probe  
  19  1:38  Nexus  
  19  1:41  Cybernetics Core  
  19  1:46  Assimilator  
  19  1:56  Assimilator  
  19  2:03  Photon Cannon  
  19  2:10  Probe  
  20  2:24  Pylon  
  20  2:33  Probe  
  21  2:39  Assimilator  
  21  2:43  Assimilator  
  21  2:49  Stargate  
  21  2:53  Probe x2  
  23  3:05  Probe x2  
  25  3:14  Stargate  
  25  3:21  Photon Cannon  
  25  3:37  Pylon  
  25  3:49  Photon Cannon  
  25  3:51  Phoenix  
  27  4:03  Phoenix  
  27  4:09  Pylon  
  27  4:16  Probe  
  30  4:21  Probe  
  31  4:29  Phoenix  
  33  4:37  Probe  
  33  4:38  Probe, Phoenix  
  37  4:54  Phoenix  
  39  5:06  Phoenix  
  39  5:09  Warp Gate  
  41  5:15  Probe x2  
  43  5:27  Gateway  
  43  5:43  Phoenix x2  
  45  5:58  Probe x2  
  47  6:08  Phoenix x2  
  47  6:10  Probe x2  
  53  6:22  Probe  
  54  6:33  Phoenix x2  
  58  7:04  Fleet Beacon  
  58  7:09  Phoenix x2  
  62  8:48  Phoenix  
  62  8:54  Phoenix  
  60  9:18  Pylon  
  60  9:21  Pylon  
  60  9:22  Probe  
  60  9:23  Probe  
  62  9:36  Pylon, Carrier, Probe x2  
  70  9:39  Pylon, Carrier  
  76  9:48  Pylon  
  76  9:50  Nexus  
  76  9:52  Stargate  
  76  9:53  Pylon  
  68  10:40  Carrier  
  64  10:43  Carrier  
  64  10:48  Carrier  
  76  10:52  Stargate  
  76  10:57  Protoss Air Weapons Level 1  
  76  11:06  Probe x2  
  76  11:07  Probe  
  79  11:15  Nexus  
  79  11:17  Pylon  
  79  11:18  Probe  
  79  11:19  Probe x2  
  82  11:29  Pylon  
  82  11:31  Probe x2  
  84  11:44  Carrier, Assimilator  
  84  11:46  Probe x3  
  93  11:47  Carrier  
  93  11:52  Carrier  
  105  12:05  Probe  
  105  12:06  Probe  
  115  12:17  Probe  
  115  12:22  Assimilator  
  116  12:24  Carrier  
  116  12:25  Nexus  
Show
View Real Time Build Order
Export as new Build Order

NeedlesKane Zerg - Winner!

Build Orders: Pool First 

Get SALT Encoding   

  12  0:03  Drone  
  13  0:09  Drone  
  14  0:28  Extractor  
  14  0:29  Overlord, Drone  
  15  0:44  Spawning Pool  
  15  0:48  Drone x2  
  16  1:02  Drone  
  17  1:15  Extractor  
  17  1:17  Hatchery  
  15  1:21  Drone  
  15  1:25  Drone  
  17  1:34  Queen  
  19  1:41  Drone  
  19  1:44  Drone  
  21  1:51  Drone  
  22  2:05  Overlord  
  22  2:17  Metabolic Boost  
  22  2:21  Evolution Chamber  
  21  2:26  Zergling x2, Drone  
  23  2:31  Queen, Drone  
  23  2:32  Zergling x2  
  27  2:44  Zergling x4  
  27  2:45  Zergling x4  
  27  2:49  Drone  
  32  2:59  Drone  
  33  3:20  Drone  
  33  3:21  Zergling x2, Drone  
  36  3:28  Extractor  
  36  3:32  Zerg Melee Weapons Level 1  
  35  3:40  Overlord, Drone  
  35  3:41  Overlord  
  36  3:59  Baneling Nest  
  35  4:03  Drone  
  35  4:04  Drone x3  
  39  4:10  Drone  
  39  4:11  Zergling x2, Drone x2  
  39  4:12  Drone x2  
  45  4:21  Spore Crawler  
  45  4:23  Drone  
  45  4:24  Drone, Hatchery  
  45  4:31  Lair  
  45  4:37  Queen  
  47  4:53  Drone x4  
  51  5:08  Baneling x4  
  51  5:09  Baneling x2  
  51  5:26  Zerg Ground Armor Level 1  
  48  5:43  Overlord, Zergling x6, Drone x3  
  53  5:54  Overlord, Zergling x4, Drone  
  53  5:55  Overlord, Zergling x2, Drone x2  
  53  6:05  Extractor  
  53  6:09  Baneling x2  
  53  6:10  Baneling x3  
  53  6:11  Drone  
  52  6:12  Drone  
  52  6:15  Queen  
  52  6:17  Zergling x2  
  52  6:18  Zergling x2  
  57  6:19  Overlord, Zergling x2  
  57  6:20  Zergling x2  
  57  6:23  Extractor  
  58  6:29  Baneling x4  
  58  6:31  Spine Crawler  
  53  6:43  Zergling x4  
  53  6:44  Zergling x4  
  52  6:58  Drone  
  52  6:59  Drone x2  
  52  7:00  Drone x4  
  59  7:16  Drone x2  
  59  7:18  Drone x4  
  65  7:23  Extractor  
  65  7:24  Zerg Melee Weapons Level 2  
  64  7:30  Roach Warren  
  64  7:31  Drone x3  
  64  7:35  Queen  
  64  7:37  Spine Crawler  
  67  7:48  Queen  
  67  7:50  Infestation Pit  
  67  7:51  Spine Crawler  
  67  7:52  Centrifical Hooks  
  67  7:54  Overlord, Zergling x2  
  67  7:55  Zergling x4, Drone x2  
  67  7:56  Overlord, Zergling x8, Drone  
  67  7:58  Drone x2  
  79  8:00  Extractor  
  78  8:18  Baneling x5  
  78  8:19  Baneling x5  
  78  8:29  Hive  
  78  8:40  Overlord  
  78  8:41  Zergling x6, Drone  
  82  8:42  Overlord, Zergling x2, Drone  
  82  8:43  Zergling x4, Hatchery, Drone  
  82  8:45  Baneling x4  
  82  8:46  Baneling x4  
  86  8:57  Queen  
  88  9:03  Spore Crawler  
  88  9:09  Spine Crawler, Zergling x4  
  90  9:17  Overlord, Zergling x8, Drone  
  90  9:18  Drone  
  94  9:30  Glial Reconstitution  
  94  9:37  Overseer  
  94  9:43  Ultralisk Cavern  
  93  9:57  Extractor  
  93  9:59  Extractor  
  84  10:25  Zergling x6  
  84  10:26  Zergling x12  
  86  10:35  Zergling x4  
  86  10:36  Zergling x8  
  89  11:02  Ultralisk x3  
  89  11:04  Ultralisk x5  
  130  11:08  Chitinous Plating  
  119  11:23  Zergling x2  
  119  11:24  Zergling x4  
  122  11:29  Zergling x10  
  122  11:30  Overlord x5  
  122  11:31  Overlord x3  
  127  11:36  Overlord x3  
  127  11:49  Zergling x4  
  127  11:50  Ultralisk  
  127  11:52  Zergling x4  
  127  11:53  Ultralisk  
  143  11:55  Zergling x8  
  147  12:03  Baneling x4  
  147  12:04  Baneling x8  
  124  12:39  Zergling x8, Ultralisk  
  124  12:40  Zergling x4, Ultralisk x2  
  145  12:45  Drone x3  
  145  12:50  Zergling x6  
Show
View Real Time Build Order
Export as new Build Order

Kepting Terran - Winner!

Build Orders:  

Get SALT Encoding   

  12  0:01  SCV  
  13  0:13  SCV  
  14  0:18  Supply Depot  
  14  0:25  SCV  
  15  0:39  SCV  
  15  0:41  Barracks  
  16  0:49  Refinery  
  16  0:51  SCV  
  17  1:02  Barracks  
  17  1:04  SCV  
  18  1:16  SCV  
  19  1:28  Marine  
  19  1:29  Orbital Command  
  20  1:37  Refinery  
  20  1:44  Supply Depot  
  20  1:52  Marine  
  21  2:00  Factory, SCV  
  22  2:08  Barracks Tech Lab  
  22  2:13  Marine, SCV  
  24  2:25  SCV  
  24  2:28  Marine  
  24  2:29  Stimpack  
  26  2:31  Marine  
  27  2:41  SCV  
  28  2:48  Marine  
  29  2:52  Starport, Factory Tech Lab  
  29  2:57  SCV  
  30  3:00  Factory Reactor  
  30  3:03  Supply Depot  
  30  3:04  Marine  
  31  3:24  Marine  
  31  3:25  SCV  
  33  3:28  Marine  
  33  3:32  Supply Depot  
  34  3:48  Medivac x2  
  38  3:51  Factory Tech Lab  
  38  3:52  SCV  
  39  4:01  Command Center  
  39  4:03  Marine x2  
  39  4:06  SCV  
  42  4:11  Siege Tank  
  42  4:12  Engineering Bay  
  45  4:24  SCV  
  46  4:42  Marine  
  46  4:44  Engineering Bay, Terran Infantry Armor Level 1  
  47  4:48  Supply Depot  
  47  5:10  Medivac, Marine  
  50  5:21  Marine  
  51  5:22  SCV  
  51  5:28  Marauder  
  52  5:38  Marine  
  52  5:43  SCV  
  52  5:49  Marine  
  54  5:56  Marine  
  54  6:07  Marauder  
  50  6:14  Marine  
  48  6:29  Marauder  
  48  6:32  Marine  
  47  6:50  Marauder, Marine  
  48  6:59  Orbital Command  
  48  7:04  Terran Infantry Weapons Level 1  
  48  7:07  Armory, Marine, Supply Depot  
  49  7:10  Barracks  
  49  7:11  Marauder  
  51  7:15  Medivac x2  
  55  7:25  Marine  
  55  7:26  Siege Tank  
  59  7:32  Armory  
  59  7:33  Marauder  
  59  7:36  Command Center  
  61  7:43  Marine  
  62  7:51  Medivac x2  
  66  7:53  Marine  
  66  7:56  Terran Infantry Armor Level 2  
  67  7:59  Marine  
  67  8:01  Marine  
  69  8:08  Refinery, SCV  
  69  8:09  Refinery  
  69  8:11  Marine, Missile Turret  
  71  8:19  Marine  
  72  8:20  SCV  
  72  8:22  Terran Vehicle And Ship Armor Level 1  
  73  8:29  Marine  
  74  8:49  Marine x2  
  74  8:50  Siege Tank  
  74  8:55  Combat Shield  
  79  8:57  Barracks  
  79  8:58  Barracks  
  79  8:59  Barracks  
  79  9:01  Barracks, SCV  
  81  9:02  SCV  
  81  9:09  Orbital Command  
  81  9:13  SCV  
  81  9:15  SCV  
  81  9:16  Marine x3  
  86  9:25  SCV  
  86  9:28  SCV  
  88  9:34  Marine x3  
  88  9:35  SCV  
  88  9:37  SCV  
  93  9:42  Missile Turret  
  93  9:46  Supply Depot  
  93  9:47  Supply Depot  
  93  9:49  Supply Depot  
  93  9:53  Marine x3, SCV  
  97  10:08  Marine x3  
  97  10:10  Marine  
  97  10:11  Marauder, Marine x2  
  98  10:29  Marine  
  98  10:30  Marine x2  
  98  10:33  Marauder  
  84  10:54  Marauder  
  86  10:59  Marine x6  
  92  11:15  Marine  
  92  11:17  Marine x6  
  99  11:33  Marine  
  99  11:34  Marine  
  99  11:35  Marine x4  
  105  11:45  Marine  
  106  11:50  Marine  
  106  11:52  Marine, Command Center  
  106  11:53  Marine  
  109  12:18  Marine  
  110  12:25  Marauder  
  107  12:51  Marauder, Marine x6  
  114  13:09  Marine x6  
  114  13:12  Marine  
  121  13:26  Marine  
  120  13:27  Marine x4  
Tags
 
Add a new tag
Caveats
  • Supply blocks, unpowered buildings, or Contaminate may cause inaccurate times.
  • Supply counts are checked every 10 seconds.